 Dungeon Crawl Stone Soup version 0.20-a0-1116-gaa52201 (webtiles) character file.

192639 wolfsongas the Impregnable (level 18, -2/119 HPs)
             Began as a Minotaur Berserker on May 8, 2017.
             Was a High Priest of Trog.
             Killed from afar by a starcursed mass (9 damage)
             ... with an accursed screaming
             ... summoned by an orange crystal statue
             ... on level 3 of the Abyss on May 9, 2017.
             The game lasted 02:02:34 (31212 turns).

wolfsongas the Impregnable (Minotaur Berserker)    Turns: 31212, Time: 02:02:35

Health: -2/119     AC: 25    Str: 32 (33) XL:     18   Next: 4%
Magic:  0/24       EV: 19    Int: -4 (3)  God:    Trog [*****.]
Gold:   1720       SH:  4    Dex: 14 (15) Spells: 17/17 levels left

rFire    . . .     SeeInvis +   l - +8 great mace of Overwhelming Force {crush, *Corrode rPois rC+ Int+3}
rCold    + . .     Gourm    +   (shield currently unavailable)
rNeg     . . .     Faith    .   L - +2 storm dragon scales
rPois    +         Spirit   .   i - +3 hat of Terror {*Contam rElec MR+ Stlth+}
rElec    +         Reflect  .   s - +2 cloak
rCorr    .         Harm     .   z - +2 pair of gloves
MR       ++++.     Clarity  +   r - +0 pair of boots of Protective Custody {*Slow +Fly Slay+2} Stlth ..........Rnd*Tele +
                                y - amulet of the gourmand
Regen    1.0/turn               F - ring of the Scarab {MP+9 Str+3 SInv}
MPRegen  0.2/turn               d - +3 ring of dexterity

@: lethally poisoned (-2 -> -53), corroded, recuperating, diseased, slowed, lost
intelligence, very slow
A: retaliatory headbutt, claws 1, horns 2, large bone plates 1, [berserk 2],
clarity, clumsy 1, [deformed body], [dopey 2], [frail 3], [low mp 1], [screaming
1], strong 2, [teleportitis 2], wild magic 1
a: Berserk, Trog's Hand, Brothers in Arms, Burn Spellbooks, Renounce Religion,
Evoke Flight


You were on level 3 of the Abyss.
You worshipped Trog.
Trog was extremely pleased with you.
You were full.

You visited 5 branches of the dungeon, and saw 27 of its levels.
You visited the Abyss 1 time.
You also visited: Labyrinth.

You collected 3035 gold pieces.
You spent 1315 gold pieces at shops.

Inventory:

Hand Weapons
 e - a +1 antimagic executioner's axe
 l - the +8 great mace of Overwhelming Force (weapon) {crush, *Corrode rPois rC+ Int+3}
   (You bought it in a shop on level 1 of the Elven Halls)

   It inflicts extra damage upon your enemies.
   It affects your intelligence (+3).
   It protects you from cold.
   It protects you from poison.
   It may corrode you when you take damage.
 B - a +0 antimagic battleaxe
 E - the +3 quarterstaff of Biom {crush, Str+2, unknown}
   (Trog gifted it to you on level 3 of the Elven Halls)

   It inflicts extra damage upon your enemies.
   It affects your strength (+2).
 K - a +8 great mace of freezing
Armour
 i - the +3 hat of Terror (worn) {*Contam rElec MR+ Stlth+}
   (You acquired it on level 13 of the Dungeon)

   It insulates you from electricity.
   It affects your resistance to hostile enchantments.
   It causes magical contamination when unequipped.
   It makes you more stealthy.
 r - the +0 pair of boots of Protective Custody (worn) {*Slow +Fly Slay+2}
   (You found it on level 4 of the Dungeon)

   It affects your accuracy and damage with ranged weapons and melee attacks
   (+2).
   It lets you fly.
   It may slow you when you take damage.
 s - a +2 cloak (worn)
 z - a +2 pair of gloves (worn)
 J - the cursed +0 ring mail of the Midnight Sun {rElec Str+4 SInv, unknown}
   (You found it on level 6 of the Lair of Beasts)

   It affects your strength (+4).
   It insulates you from electricity.
   It lets you see invisible.
   It has a curse placed upon it.
 L - +2 storm dragon scales (worn)
Jewellery
 d - a +3 ring of dexterity (right hand)
 y - an amulet of the gourmand (around neck)
 F - the ring of the Scarab (left hand) {MP+9 Str+3 SInv}
   (You took it off a minotaur in a labyrinth)

   [ring of magical power]

   It affects your strength (+3).
   It affects your magic capacity (+9).
   It lets you see invisible.
 H - an uncursed ring of poison resistance
 M - an uncursed ring of ice
 P - an uncursed ring of wizardry {unknown}
Wands
 g - a wand of disintegration (18/24)
Scrolls
 m - 2 scrolls of blinking
 o - 11 scrolls of remove curse
 t - 9 scrolls of teleportation
 u - a scroll of identify
 G - a scroll of vulnerability
Potions
 a - 3 potions of flight
 b - 4 potions of might
 f - 13 potions of curing
 j - 2 potions of ambrosia
 n - 2 potions of resistance
 q - a potion of mutation
 w - a potion of lignification
 x - 2 potions of magic
 A - a potion of berserk rage {unknown}
 C - a potion of invisibility
 D - a potion of heal wounds
 I - 7 potions of agility
 N - a potion of haste
 O - a potion of brilliance
Miscellaneous
 k - a crystal ball of energy
Comestibles
 c - a bread ration
 h - a royal jelly
 p - 9 meat rations
 v - 71 fruits


   Skills:
 + Level 17.2 Fighting
 - Level 10.9(15.4) Axes
 + Level 17.5(18.5) Maces & Flails
 * Level 21.0 Armour
 + Level 15.8 Dodging


You had 17 spell levels left.
You didn't know any spells.

Dungeon Overview and Level Annotations

Branches:
Dungeon (15/15)            Temple (0/1) D:4            Lair (6/6) D:10
 Shoals (1/4) Lair:2       Spider (0/4) Lair:4        Slime (0/5) Lair:6
    Orc (2/2) D:11            Elf (3/3) Orc:2        Vaults (0/5) D:14
 Depths (0/5) D:15

Altars:
Cheibriados
Dithmenos
Elyvilon
Gozag
Hepliaklqana
Makhleb
Okawaru
Xom
The Shining One
Beogh
Jiyva

Shops:
D:8 !   D:10 (   Orc:1 ?   Orc:2 [?!}   Elf:1 (   Elf:3 (

Portals:
Trove: D:13 (give +4 demon whip)

Annotations:
Lair:1 exclusion: 4 oklob plants


Innate Abilities, Weirdness & Mutations

You reflexively headbutt those who attack you in melee.
You have a pair of horns on your head.
You have sharp fingernails.
You are partially covered in large bone plates. (SH +4)
You possess an exceptional clarity of mind.
You are clumsy. (Dex -2)
Your muscles are very strong. (Str +4)
Your spells are a little harder to cast, but a little more powerful.
[You often lose your temper in combat.]
[Armour fits poorly on your strangely shaped body.]
[You are very dopey. (Int -4)]
[You are extremely frail. (-30% HP)]
[Your magical capacity is low. (-10% MP)]
[You occasionally shout uncontrollably at your foes.]
[You are sometimes teleported next to monsters.]


Message History

The green very ugly thing tail-slaps you!
* * * LOW HITPOINT WARNING * * *
You are lethally poisoned!
The green very ugly thing poisons you!
The orange crystal statue fixes its piercing gaze on you.
You feel dopey. Something feeds on your intellect!
A starcursed mass splits.
You hit the green very ugly thing.
Your headbutt misses the green very ugly thing.
The green very ugly thing is moderately wounded.
* * * LOW HITPOINT WARNING * * *
You feel extremely sick.
The glowing orange brain blinks!
The neqoxec gestures.
The green very ugly thing barely misses you.
The orange crystal statue fixes its piercing gaze on you.
You feel your power leaking away.
A starcursed mass splits.
A deafening chorus of shrieks assaults your mind!
You die...

.#†...... .##
.#≈≈§...§§≈##
.#8§†....§8###
.#§Gx..55≈§#.#
.#.XXX53XX.###.
.##.X353X3##. .
. ##53XuX####.#
...##5xX##....#
#####33Xu@## .#
#5###..# .. #..
##.# # #... .#
#.#. .. .# ##.
.. ##


You could see 10 starcursed masses, a tentacled monstrosity, 2 very ugly things,
2 orange crystal statues, a glowing orange brain, an ancient zyme, a sixfirhy, a
smoke demon, 5 neqoxecs, a small abomination, an iron imp, a quasit, 2 white
imps, 2 shadow imps and an ufetubus.

Vanquished Creatures
  Rupert (D:15)
  2 deep elf blademasters
  2 deep elf master archers (Elf:3)
  Agnes (D:15)
  2 deep elf sorcerers (Elf:3)
  3 deep elf elementalists
  An orc warlord (Orc:2)
  3 deep elf demonologists (Elf:3)
  Azrael (D:13)
  7 deep elf annihilators
  5 dire elephants (Lair:6)
  A minotaur (Lab)
  3 deep elf death magi (Elf:3)
  6 ogre magi
  2 deep elf high priests (Elf:3)
  Josephine (Orc:1)
  5 vault guards
  13 hydras
  Erica (Orc:2)
  A death knight (D:15)
  An anaconda (Lair:6)
  A tengu warrior (D:14)
  17 two-headed ogres
  4 centaur warriors
  2 death yaks (Lair:5)
  29 dancing weapons
  A fire crab (shapeshifter) (Elf:2)
  16 deep elf knights
  A shadow wraith (Abyss:3)
  3 wretched stars (Abyss:3)
  A sea snake (Lair:2)
  An unseen horror (D:14)
  A quicksilver dragon simulacrum (Abyss:3)
  13 starcursed masses (Abyss:3)
  13 deep elf archers
  An orc knight (Orc:2)
  57 deep elf magi
  2 orc sorcerers
  A faun (Lair:4)
  17 ugly things
  7 cyclopes
  12 elephants
  2 manticores (D:14)
  7 black mambas
  A centaur zombie (D:12)
  A water nymph (Lair:2)
  2 torpor snails
  A gargoyle (D:12)
  10 spiny frogs
  6 komodo dragons
  4 rime drakes
  2 efreet
  A tormentor (Abyss:3)
  A jumping spider (Lair:4)
  6 meliai
  3 polar bears
  2 tengu conjurers
  17 blink frogs
  9 trolls
  5 slime creatures
  A meliai zombie (D:13)
  8 hippogriffs
  Sigmund (D:2)
  A redback (shapeshifter) (Elf:2)
  2 small abominations (Abyss:3)
  2 redbacks (Lair:4)
  A spriggan (Lair:3)
  2 air elementals
  A vampire (D:15)
  4 water elementals
  5 wraiths (Orc:1)
  2 shadows
  46 yaks
  A ynoxinul (Abyss:3)
  2 wyverns
  A steam dragon (D:10)
  5 fire elementals
  3 basilisks
  5 hungry ghosts
  9 vampire mosquitoes
  A neqoxec (Abyss:3)
  2 large abominations (Abyss:3)
  A chaos spawn (Abyss:3)
  2 soldier ants
  7 wargs
  7 water moccasins
  9 porcupines
  Duvessa (D:4)
  2 hell hounds (D:13)
  4 ice beasts
  3 phantoms
  2 hornet zombies
  22 orc warriors
  4 sky beasts
  8 black bears
  2 necrophages
  25 ogres
  39 wolves
  6 centaurs
  8 crocodiles
  3 big kobolds
  2 earth elementals (Elf:1)
  8 bullfrogs
  A wyvern zombie (D:13)
  8 scorpions
  Dowan (D:4)
  3 killer bees
  23 wights
  2 howler monkeys (D:5)
  2 spriggan skeletons (Lab)
  3 electric eels
  A troll skeleton (Lab)
  4 crimson imps
  A quasit (D:13)
  17 orc priests
  A bullfrog zombie (D:13)
  10 hounds
  8 jellies
  4 bullfrog skeletons
  5 iguanas
  7 centaur skeletons
  15 orc wizards
  9 worker ants
  An ogre skeleton (Lab)
  A worker ant zombie (D:5)
  4 gnolls
  11 adders
  5 shadow imps
  2 adder skeletons
  An adder zombie (D:6)
  4 worms
  4 dart slugs
  7 leopard geckos
  57 orcs
  17 bats
  3 giant cockroaches
  10 goblins
  5 hobgoblins
  12 jackals
  7 quokkas
  2 ball pythons
  3 frilled lizards
  19 kobolds
  2 leopard gecko skeletons
  2 leopard gecko zombies
  6 rats
  26 fungi
  24 plants
972 creatures vanquished.

Vanquished Creatures (collateral kills)
  A deep elf sorcerer (Elf:3)
  A deep elf annihilator (Elf:3)
  A deep elf demonologist (Elf:2)
  A deep elf death mage (Elf:2)
  A deep elf high priest (Elf:3)
  A yaktaur captain (D:15)
  2 two-headed ogres (Orc:2)
  4 dancing weapons (Elf:2)
  2 deep elf knights (Elf:2)
  A spatial maelstrom (Abyss:3)
  A large abomination (Abyss:3)
  2 deep elf magi (Elf:2)
  A smoke demon (Abyss:3)
  A yaktaur (D:15)
  2 blink frogs (Abyss:3)
  A spatial vortex (Abyss:3)
  12 ogres (Orc:2)
  A small abomination (Abyss:3)
  A crocodile (Lair:5)
  7 starcursed masses (Abyss:3)
44 creatures vanquished.

Vanquished Creatures (others)
  2 deep elf magi
  A water elemental (Elf:1)
  A jelly (D:14)
  A howler monkey zombie (D:8)
  9 fungi
  16 plants
  2 starspawn tentacles (Abyss:3)
32 creatures vanquished.

Grand Total: 1048 creatures vanquished

Notes
Turn   | Place    | Note
-------+----------+-------------------------------------------
     0 | D:1      | wolfsongas the Minotaur Berserker began the quest for the Orb.
     0 | D:1      | Reached XP level 1. HP: 19/19 MP: 0/0
   172 | D:1      | Reached XP level 2. HP: 27/27 MP: 1/1
   632 | D:1      | Reached XP level 3. HP: 33/33 MP: 2/2
   910 | D:1      | Reached ** piety under Trog
   919 | D:2      | Noticed Sigmund
   928 | D:2      | Killed Sigmund
   928 | D:2      | Reached skill level 4 in Armour
   928 | D:2      | Reached XP level 4. HP: 40/40 MP: 3/3
   928 | D:2      | Reached XP level 5. HP: 46/46 MP: 4/4
  1465 | D:3      | Reached skill level 5 in Armour
  1690 | D:3      | Reached XP level 6. HP: 52/52 MP: 5/5
  1705 | D:3      | Found a hazy altar of Hepliaklqana.
  2103 | D:3      | Reached *** piety under Trog
  2369 | D:4      | Got a translucent ring mail
  2375 | D:4      | Got a pair of dazzling boots
  2403 | D:4      | Identified the +0 ring mail of Fuck {rC- rN++ Regen+ Stlth+} (You found it on level 4 of the Dungeon)
  2409 | D:4      | Identified the +0 pair of boots of Protective Custody {*Slow +Fly Slay+2} (You found it on level 4 of the Dungeon)
  2602 | D:4      | Found a staircase to the Ecumenical Temple.
  2616 | D:4      | Found a white marble altar of Elyvilon.
  2644 | D:4      | Noticed Duvessa
  2644 | D:4      | Noticed Dowan
  2650 | D:4      | Killed Dowan
  2653 | D:4      | Reached XP level 7. HP: 58/58 MP: 6/6
  2660 | D:4      | Killed Duvessa
  3031 | D:5      | Entered Level 5 of the Dungeon
  3196 | D:5      | Reached skill level 10 in Axes
  3477 | D:5      | Reached XP level 8. HP: 66/66 MP: 7/7
  3494 | D:5      | Got a crude flail
  3495 | D:5      | Identified the +8 flail of Indomitability {crush, *Rage Str+7 Int+4 Stlth-} (You found it on level 5 of the Dungeon)
  3654 | D:6      | Reached skill level 1 in Maces & Flails
  3665 | D:6      | Found a snail-covered altar of Cheibriados.
  3753 | D:6      | Gained mutation: You have sharp toenails. [mutagenic meat]
  3754 | D:6      | Gained mutation: Your body sometimes deteriorates upon taking damage. [mutagenic meat]
  3755 | D:6      | Gained mutation: You are partially covered in rugged brown scales. (AC +1, +3% HP) [mutagenic meat]
  3756 | D:6      | Gained mutation: You are resistant to hostile enchantments. (MR+) [mutagenic meat]
  3851 | D:6      | Reached skill level 5 in Maces & Flails
  4206 | D:7      | Reached XP level 9. HP: 74/74 MP: 8/8
  4238 | D:7      | Reached **** piety under Trog
  4238 | D:7      | Reached skill level 5 in Fighting
  4238 | D:7      | Reached skill level 6 in Armour
  4629 | D:7      | Found a shadowy altar of Dithmenos.
  4788 | D:7      | Found a glowing golden altar of the Shining One.
  4947 | D:7      | Reached skill level 7 in Armour
  5020 | D:8      | Found Nunoj's Distillery.
  5121 | D:8      | Noticed a green ugly thing
  5130 | D:8      | Killed a green ugly thing
  5527 | D:8      | Reached ***** piety under Trog
  5544 | D:8      | Reached skill level 8 in Armour
  5562 | D:8      | Noticed a two-headed ogre
  5566 | D:8      | Killed a two-headed ogre
  5566 | D:8      | Reached XP level 10. HP: 59/90 MP: 9/9
  5682 | D:8      | Found a shimmering altar of Xom.
  6047 | D:9      | Lost mutation: You are partially covered in rugged brown scales. (AC +1, +3% HP) [potion of mutation]
  6047 | D:9      | Lost mutation: You are resistant to hostile enchantments. (MR+) [potion of mutation]
  6047 | D:9      | Lost mutation: You have sharp toenails. [potion of mutation]
  6047 | D:9      | Lost mutation: Your body sometimes deteriorates upon taking damage. [potion of mutation]
  6047 | D:9      | Gained mutation: You have a somewhat thin skeletal structure. (Dex +2, Stealth) [potion of mutation]
  6047 | D:9      | Gained mutation: Your muscles are strong. (Str +2) [potion of mutation]
  6047 | D:9      | Gained mutation: Your muscles are very strong. (Str +4) [potion of mutation]
  6047 | D:9      | Gained mutation: Your flesh is cold resistant. (rC+) [potion of mutation]
  6102 | D:9      | Noticed an eight-headed hydra
  6105 | D:9      | Killed an eight-headed hydra
  6105 | D:9      | Reached skill level 9 in Armour
  6289 | D:9      | Reached skill level 10 in Maces & Flails
  6723 | D:10     | Entered Level 10 of the Dungeon
  6914 | D:10     | Found a staircase to the Lair.
  7245 | D:10     | Got a bound granite ring
  7293 | D:10     | Identified the ring "Seojiap" {MR+ MP+9} (You found it on level 10 of the Dungeon)
  7699 | D:10     | Found Fueph's Antique Weapon Shop.
  7710 | D:10     | Bought a smoking morningstar for 207 gold pieces
  7710 | D:10     | Identified the +2 morningstar "Qyrrufiss" {freeze, rF+ Str+2} (You bought it in a shop on level 10 of the Dungeon)
  7768 | D:11     | Found an opulent altar of Gozag.
  7772 | D:11     | Noticed a cyclops
  8007 | D:11     | Killed a cyclops
  8007 | D:11     | Reached skill level 10 in Armour
  8007 | D:11     | Reached skill level 5 in Dodging
  8007 | D:11     | Reached XP level 11. HP: 91/97 MP: 10/10
  8014 | D:11     | Found a labyrinth entrance.
  8023 | D:11     | Gained mutation: You are agile. (Dex +2) [mutagenic meat]
  8044 | D:11     | Noticed a white ugly thing
  8054 | D:11     | Killed a white ugly thing
  8069 | D:11     | Gained mutation: You have sharp fingernails. [mutagenic meat]
  8176 | Lab      | Entered a labyrinth
  8241 | Lab      | Received a gift from Trog
  8714 | Lab      | Noticed a minotaur
  8722 | Lab      | Killed a minotaur
  8724 | Lab      | Got a shimmering gossamer ring
  8733 | Lab      | Got a creamy pearl robe
  8760 | Lab      | Lost mutation: Your flesh is cold resistant. (rC+) [potion of mutation]
  8760 | Lab      | Lost mutation: You have a somewhat thin skeletal structure. (Dex +2, Stealth) [potion of mutation]
  8760 | Lab      | Lost mutation: Your muscles are very strong. (Str +4) [potion of mutation]
  8760 | Lab      | Lost mutation: You are agile. (Dex +2) [potion of mutation]
  8760 | Lab      | Gained mutation: You are partially covered in large bone plates. (SH +4) [potion of mutation]
  8760 | Lab      | Gained mutation: Your spells are a little harder to cast, but a little more powerful. [potion of mutation]
  8760 | Lab      | Gained mutation: You possess an exceptional clarity of mind. [potion of mutation]
  8808 | D:11     | Identified the +2 robe of the Trout {*Drain Str+3} (You found it in a labyrinth)
  8821 | D:11     | Identified the ring of the Scarab {MP+9 Str+3 SInv} (You took it off a minotaur in a labyrinth)
  9296 | D:11     | Reached skill level 10 in Fighting
  9311 | D:11     | Found a staircase to the Orcish Mines.
  9676 | D:12     | Noticed a seven-headed hydra
  9685 | D:12     | Killed a seven-headed hydra
  9771 | D:12     | Noticed a six-headed hydra
  9777 | D:12     | Killed a six-headed hydra
  9777 | D:12     | Reached skill level 11 in Armour
  9947 | D:12     | Noticed an eight-headed hydra
  9952 | D:12     | Killed an eight-headed hydra
  9952 | D:12     | Reached XP level 12. HP: 108/108 MP: 11/11
 10012 | D:12     | Noticed an ogre mage
 10017 | D:12     | Killed an ogre mage
 10759 | D:13     | Found an iron altar of Okawaru.
 10777 | D:13     | Got a bone spear
 10789 | D:13     | Identified a scroll of acquirement
 10792 | D:13     | Got a distressingly furry hat
 10798 | D:13     | Identified the +3 hat of Terror {*Contam rElec MR+ Stlth+} (You acquired it on level 13 of the Dungeon)
 10922 | D:13     | Noticed a four-headed hydra
 10928 | D:13     | Killed a four-headed hydra
 11052 | D:13     | Reached skill level 10 in Dodging
 11054 | D:13     | Received a gift from Trog
 11152 | D:13     | Noticed a vault guard
 11158 | D:13     | Killed a vault guard
 11170 | D:13     | Found a portal to a secret trove of treasure.
 11320 | D:13     | Noticed a four-headed hydra
 11324 | D:13     | Killed a four-headed hydra
 11377 | D:13     | Noticed Azrael
 11388 | D:13     | Reached skill level 12 in Armour
 11391 | D:13     | Killed Azrael
 11878 | D:14     | Reached XP level 13. HP: 117/117 MP: 12/12
 11997 | D:14     | Found a gate to the Vaults.
 12014 | D:14     | Reached ****** piety under Trog
 12027 | D:14     | Reached skill level 13 in Armour
 12696 | D:14     | Received a gift from Trog
 12727 | D:14     | Reached skill level 14 in Armour
 13113 | D:14     | Identified the +5 spear of a Spat {freeze, Dex+2} (You found it on level 13 of the Dungeon)
 13388 | Orc:1    | Entered Level 1 of the Orcish Mines
 13392 | Orc:1    | Noticed Josephine
 13412 | Orc:1    | Killed Josephine
 13419 | Orc:1    | Found Vaisid's Magic Scroll Shoppe.
 13476 | Orc:1    | Bought a scroll of identify for 34 gold pieces
 13476 | Orc:1    | Bought a scroll of identify for 34 gold pieces
 13476 | Orc:1    | Bought a scroll of identify for 34 gold pieces
 13557 | Orc:1    | Found a roughly hewn altar of Beogh.
 13717 | Orc:1    | Reached XP level 14. HP: 129/129 MP: 13/13
 14019 | Orc:2    | Entered Level 2 of the Orcish Mines
 14040 | Orc:2    | Noticed an orc warlord
 14065 | Orc:2    | Received a gift from Trog
 14068 | Orc:2    | Killed an orc warlord
 14086 | Orc:2    | Noticed Erica
 14094 | Orc:2    | Killed Erica
 14223 | Orc:2    | Found a staircase to the Elven Halls.
 14386 | Orc:2    | Found a burning altar of Makhleb.
 14427 | Orc:2    | Reached skill level 15 in Armour
 14462 | Orc:2    | Received a gift from Trog
 14726 | Orc:2    | Found Wallim's Distillery.
 14726 | Orc:2    | Found Feb Tiuti's Antique Armour Emporium.
 14726 | Orc:2    | Found Kismus's Gadget Shoppe.
 14726 | Orc:2    | Found Pelozxip's Magic Scroll Shop.
 14812 | Orc:2    | Bought a scroll of brand weapon for 320 gold pieces
 14812 | Orc:2    | Bought a scroll of identify for 32 gold pieces
 14812 | Orc:2    | Bought a scroll of identify for 32 gold pieces
 14818 | Orc:2    | Bought a potion of heal wounds for 60 gold pieces
 14818 | Orc:2    | Bought a potion of resistance for 120 gold pieces
 14818 | Orc:2    | Bought a potion of resistance for 120 gold pieces
 15410 | Lair:1   | Entered Level 1 of the Lair of Beasts
 16173 | Lair:2   | Found a staircase to the Shoals.
 16373 | Lair:2   | Reached skill level 16 in Armour
 16709 | Lair:2   | Received a gift from Trog
 17230 | Lair:3   | Reached XP level 15. HP: 124/138 MP: 14/14
 17372 | Lair:3   | Reached skill level 15 in Maces & Flails
 17924 | Lair:4   | Found a hole to the Spider Nest.
 19167 | Lair:6   | Entered Level 6 of the Lair of Beasts
 19384 | Lair:6   | Found a viscous altar of Jiyva.
 19384 | Lair:6   | Found a staircase to the Slime Pits.
 19473 | Lair:6   | Reached skill level 17 in Armour
 19796 | Lair:6   | Got a steaming ring mail
 20017 | Lair:6   | Received a gift from Trog
 20327 | Lair:6   | Reached skill level 15 in Fighting
 20818 | Shoals:1 | Entered Level 1 of the Shoals
 21669 | D:15     | Entered Level 15 of the Dungeon
 21786 | D:15     | Noticed Agnes
 21794 | D:15     | Killed Agnes
 22033 | D:15     | Noticed Rupert
 22049 | D:15     | Killed Rupert
 22068 | D:15     | Reached XP level 16. HP: 101/149 MP: 15/15
 22301 | D:15     | Reached skill level 18 in Armour
 22312 | D:15     | Received a gift from Trog
 22954 | D:15     | Found a staircase to the Depths.
 23405 | Elf:1    | Entered Level 1 of the Elven Halls
 23950 | Elf:1    | Found Ulier's Antique Weapon Emporium.
 23981 | Elf:1    | Bought a pitted great mace for 322 gold pieces
 23981 | Elf:1    | Identified the +8 great mace of Overwhelming Force {crush, *Corrode rPois rC+ Int+3} (You bought it in a shop on level 1 of the Elven Halls)
 25257 | Elf:2    | Received a gift from Trog
 25262 | Elf:2    | Reached skill level 19 in Armour
 25364 | Elf:2    | Found a runed gate.
 25364 | Elf:2    | Found a runed gate.
 25365 | Elf:2    | Found a runed gate.
 25479 | Elf:2    | Noticed a Hell Sentinel
 26590 | Elf:2    | Reached XP level 17. HP: 144/158 MP: 16/16
 26607 | Elf:2    | Reached skill level 15 in Dodging
 26969 | Elf:2    | Received a gift from Trog
 27035 | Elf:2    | Gained mutation: Your muscles are very strong. (Str +4) [mutagenic meat]
 27187 | Elf:3    | Entered Level 3 of the Elven Halls
 27691 | Elf:3    | Reached skill level 20 in Armour
 27705 | Elf:3    | Received a gift from Trog
 27708 | Elf:3    | Got a pitted quarterstaff {god gift}
 27721 | Elf:3    | Noticed a deep elf blademaster
 27743 | Elf:3    | Killed a deep elf blademaster
 28026 | Elf:3    | Noticed a deep elf blademaster
 28203 | Elf:3    | Noticed a deep elf master archer
 28209 | Elf:2    | Killed a deep elf blademaster
 29716 | Elf:3    | Noticed a Brimstone Fiend
 29724 | Elf:3    | Noticed an Ice Fiend
 30020 | Elf:3    | Found Oxkoture's Weapon Boutique.
 30198 | Elf:3    | Noticed a deep elf master archer
 30200 | Elf:3    | Killed a deep elf master archer
 30209 | Elf:3    | Killed a deep elf master archer
 30445 | Elf:3    | Noticed a Brimstone Fiend
 30706 | Elf:3    | Cast into level 3 of the Abyss (a deep elf sorcerer)
 30706 | Abyss:3  | Found a corrupted altar of Lugonu.
 30862 | Abyss:3  | Paralysed by accursed screaming for 1 turns
 30932 | Abyss:3  | Received a gift from Trog
 30960 | Abyss:3  | Reached skill level 21 in Armour
 31005 | Abyss:3  | Reached XP level 18. HP: 109/153 MP: 17/17
 31200 | Abyss:3  | Gained mutation: You are clumsy. (Dex -2) [a neqoxec]
 31201 | Abyss:3  | Lost intelligence.
 31206 | Abyss:3  | Noticed a tentacled monstrosity
 31212 | Abyss:3  | Killed from afar by a starcursed mass

Vault maps used:
D:1:      lemuel_arrival_lava_pool, minmay_pentomino_t4
D:2:      first_bread, uniq_sigmund
D:3:      corexii_shack_village, nicolae_overflow_crystal_walls,
          hangedman_decor_points, nrook_mini_vaults, minmay_misc_feat_rows,
          dk_noncrumbling_3
D:4:      lemuel_crystal_altar, temple_statues, uniq_duvessa
D:5:      minmay_misc_feat_tiny, serial_bayou_pond_d, minmay_checkerbox
D:6:      old_standard_altar, kennysheep_generic_room_16
D:7:      old_forge, nicolae_dithmenos_the_darkroom, tso_oasis_becter
D:8:      tgw_xom, serial_shops, shop, lemuel_flamethrower_1
D:9:      kennysheep_just_a_vault
D:10:     erik_lair_island, serial_shops, shop, kennysheep_generic_room_4
D:11:     orc_0_dummy, basic_altar, lab_entry_generic, blue_anna_alchemist
D:12:     minmay_the_grid_square_5x5_3x3
D:13:     enter_trove_5, okawaru_ov_weapons_minmay, uniq_azrael
D:14:     lightli_vaults_fourway_checkpoint, patterned_corridor, serial_ice,
          serial_ice_e, serial_ice_b, serial_ice_o, serial_ice_k,
          portal_ice_cave_rime, kennysheep_small_spiral
D:15:     grunt_enter_depths_snipers, uniq_agnes, uniq_rupert
Lair:1:   grunt_forest_stairs_basic, grunt_megastairs_5,
          minmay_lair_oklob_chamber
Lair:2:   shoals_dummy_entry, serial_bayou_shore_a
Lair:3:   minivault_23, grunt_forest_stairs_clearing, lemuel_fruit_tree
Lair:4:   spider_nest_entry_a, grunt_forest_large_clearings
Lair:5:   serial_bayou_shore_b, lemuel_fruit_fields, grunt_megastairs_4
Lair:6:   due_jungle_book, slime_altar_1, nicolae_lair_grove_arrangements
Orc:1:    serial_shops, nicolae_shop_waterfront, minmay_orc_temple_a,
          uniq_erica, uniq_josephine
Orc:2:    st_orc_ogre_mass, basic_altar, minmay_orc_keep
Elf:1:    eino_elf_arrival_sip, serial_shops, shop, evilmike_minifort,
          basic_loot_grate_trap, st_stairs_11
Elf:3:    minmay_elf_hall_x, serial_shops, shop, minmay_fountain_box,
          grunt_ministairs_6, basic_stair_grate_trap
Lab:      nicolae_lab_dead_adventurers, nicolae_lab_swirl, nicolae_lab_quarters

Skill      XL: |  1  2  3  4  5  6  7  8  9 10 11 12 13 14 15 16 17 |
---------------+----------------------------------------------------+-----
Axes           | 4 6 8 10 | 10.9
Armour         | 4 5 8 10 11 12 14 16 17 19 21 | 21.0
Maces & Flails | 7 9 10 11 12 13 14 15 16 17 | 17.5
Fighting       | 4 7 9 10 11 13 14 15 16 17 | 17.2
Dodging        | 5 8 11 12 13 14 15 | 15.8

Action                   |  1- 3 |  4- 6 |  7- 9 | 10-12 | 13-15 | 16-18 || total
-------------------------+-------+-------+-------+-------+-------+-------++-------
Melee: Hand axe          |    53 |   154 |    79 |       |       |       ||   286
       Headbutt          |     9 |    36 |    55 |   105 |   268 |   185 ||   658
       Flail             |       |       |   137 |   345 |   258 |       ||   740
       Great mace        |       |       |       |       |   519 |   684 ||  1203
       Dire flail        |       |       |       |       |   109 |       ||   109
Invok: Berserk           |     2 |     2 |     5 |     8 |     9 |    10 ||    36
       Burn Spellbooks   |       |       |     2 |     1 |     3 |       ||     6
       Trog's Hand       |       |       |       |     1 |     2 |     7 ||    10
       Brothers in Arms  |       |       |       |     1 |     2 |     8 ||    11
Evoke: Wand              |       |       |     2 |       |     1 |       ||     3
  Use: Potion            |     5 |     4 |     5 |     4 |     5 |     4 ||    27
       Scroll            |     4 |     2 |    11 |    13 |    21 |    13 ||    64
 Stab: Sleeping          |       |     1 |     1 |       |       |       ||     2
       Held in net/web   |       |       |     1 |       |       |       ||     1
       Distracted        |       |       |       |       |       |     1 ||     1
  Eat: Chunk             |     1 |     8 |    13 |     8 |    34 |    17 ||    81
       Royal jelly       |       |       |     4 |     2 |     1 |     1 ||     8
       Meat ration       |       |       |     2 |     3 |       |       ||     5
       Bread ration      |       |       |       |     2 |     4 |     7 ||    13
Armor: Animal skin       |     3 |       |       |       |       |       ||     3
       Plate armour      |    39 |    61 |       |   107 |       |       ||   207
       Ring mail         |       |     5 |    59 |     5 |       |       ||    69
       Storm dragon scal |       |       |       |    61 |   428 |   383 ||   872
Dodge: Dodged            |    30 |    46 |    94 |   188 |   755 |   465 ||  1578
Block: Other             |       |       |       |    33 |   187 |   107 ||   327
